 Dungeon Crawl Stone Soup version 0.16-a0-1816-g2c93a98 (webtiles) character file.

60 RobertPalmer the Insei (level 3, -1/26 HPs)
             Began as a Demonspawn Transmuter on Nov 4, 2014.
             Slain by an adder (2 damage)
             ... on level 2 of the Dungeon.
             The game lasted 00:03:03 (2738 turns).

RobertPalmer the Insei (Demonspawn Transmuter)      Turns: 2738, Time: 00:03:03

Health: -1/26      AC:  3    Str: 17    XL:     3   Next: 80%
Magic:  6/6        EV: 12    Int: 19    God:
Gold:   104        SH:  0    Dex: 14    Spells: 1 memorised, 5 levels left

rFire  . . .     SeeInvis .       - Unarmed
rCold  . . .     Clarity  +     c - +0 robe
rNeg   . . .     SustAb   .     (no shield)
rPois  .         Gourm    .     (no helmet)
rElec  .         Spirit   .     (no cloak)
rCorr  .         Warding  .     (no gloves)
rMut   .         Stasis   .     (no boots)
MR     .....                    (no amulet)
Stlth  +.........               (no ring)
                                (no ring)

@: mighty, brilliant, lethally poisoned, not resistant to hostile enchantments,
very unstealthy
A: hooves 1, rugged brown scales 1, clarity, strong 1
a: no special abilities


You were on level 2 of the Dungeon.
You were not hungry.

You visited 1 branch of the dungeon, and saw 2 of its levels.

You collected 104 gold pieces.


Innate Abilities, Weirdness & Mutations

You are partially covered in rugged brown scales (AC +1, +3% HP).
You have large cloven feet.
You possess an exceptional clarity of mind.
Your muscles are strong. (Str +2)


   Skills:
 - Level 1.0 Fighting
 - Level 1.7 Dodging
 + Level 4.3 Unarmed Combat
 - Level 2.0 Spellcasting
 - Level 1.7 Transmutations


You had 5 spell levels left.
You knew the following spells:

 Your Spells              Type           Power        Failure   Level  Hunger
z - Beastly Appendage     Trmt           ###...       1%          1    #......

Inventory:

Missiles
 b - 25 arrows
Armour
 c - a +0 robe (worn)
Jewellery
 f - a cursed ring of teleportation
 i - an uncursed ring of wizardry {unknown}
 n - an uncursed ring of fire
Books
 d - a book of Changes
Comestibles
 a - 2 bread rations

Dungeon Overview and Level Annotations

Branches:
Dungeon (2/15)

Altars:
Ashenzari
Dithmenos
Kikubaaqudgha
Okawaru
Sif Muna
Xom
Yredelemnul
Zin

#.# ..#
### ###
..# #.#
#.# #.#
#.# #S#
#@# #.#
#.# #.#
### #.#
....
#######.#
#######
#.......#
......#
#.#######
#####.#
#.#######


You could see an adder.


Message History

* * * LOW HITPOINT WARNING * * *
You hit the adder.
The adder is severely wounded.
The adder bites you.
* * * LOW HITPOINT WARNING * * *
You closely miss the adder.
The adder is severely wounded.
The adder bites you.
* * * LOW HITPOINT WARNING * * *
You barely miss the adder.
The adder is severely wounded.
The adder closely misses you.
You closely miss the adder.
The adder is severely wounded.
Your horns disappear.
You feel sick. The adder bites you.
* * * LOW HITPOINT WARNING * * *
Unknown command.
Drink which item? (? for menu, Esc to quit)
You feel very mighty all of a sudden.
It was a potion of might.
The adder completely misses you. The adder bites you but does no damage.
Drink which item? (? for menu, Esc to quit)
You feel extremely strange.
You feel stronger.
Your feet thicken and deform.
Your thoughts seem clearer.
It was a potion of mutation.
The adder barely misses you.
Drink which item? (? for menu, Esc to quit)
You feel clever all of a sudden.
It was a potion of brilliance.
The adder bites you.
You die...

Action                   || total
-------------------------++-------
Melee: Unarmed           ||   169
 Cast: Beastly Appendage ||    20
  Use: Scroll            ||     8
       Potion            ||     3
 Stab: Sleeping          ||     1
  Eat: Chunk             ||     2
       Meat ration       ||     1

Vault maps used:
D:1:      ncdulo_smallfort
D:2:      grunt_temple_overflow_open

Notes
Turn   | Place    | Note
--------------------------------------------------------------
     0 | D:1      | RobertPalmer, the Demonspawn Transmuter, began the quest for the Orb.
     0 | D:1      | Reached XP level 1. HP: 15/15 MP: 3/3
   237 | D:1      | Reached skill level 3 in Unarmed Combat
   616 | D:1      | Gained mutation: You are partially covered in rugged brown scales (AC +1, +3% HP). [demonic ancestry]
   616 | D:1      | Reached XP level 2. HP: 14/21 MP: 2/4
  1683 | D:1      | Reached XP level 3. HP: 24/26 MP: 6/6
  1817 | D:2      | Reached skill level 4 in Unarmed Combat
  2647 | D:2      | Found a basalt altar of Yredelemnul.
  2649 | D:2      | Found a deep blue altar of Sif Muna.
  2649 | D:2      | Found an ancient bone altar of Kikubaaqudgha.
  2649 | D:2      | Found a shadowy altar of Dithmenos.
  2649 | D:2      | Found a shattered altar of Ashenzari.
  2649 | D:2      | Found a glowing silver altar of Zin.
  2649 | D:2      | Found an iron altar of Okawaru.
  2650 | D:2      | Found a shimmering altar of Xom.
  2735 | D:2      | HP: 1/26 [adder (3)]
  2737 | D:2      | Gained mutation: Your muscles are strong. (Str +2) [potion of mutation]
  2737 | D:2      | Gained mutation: You have large cloven feet. [potion of mutation]
  2737 | D:2      | Gained mutation: You possess an exceptional clarity of mind. [potion of mutation]
  2738 | D:2      | Slain by an adder

Vanquished Creatures
  An adder (D:2)
  3 giant geckos
  An ooze (D:1)
  5 bats (D:1)
  A giant cockroach (D:1)
  6 hobgoblins
  5 giant newts
  12 goblins
  5 kobolds
  5 rats
44 creatures vanquished.
